AoeStats
← Don Pepino Sonrisa

Arabia

507430795Analyzed
1v1 RM · 13d ago on Sep 18, 2026· 49m 48s· 2 players
Game mode
Random Map
Map size
Tiny (2 player)
Population
200
Speed
Normal
Resources
Standard
Victory
Conquest
Starting age
Dark Age
Ending age
Imperial Age
RankedLock teamsTeams togetherTeam positionsShared explorationLock speedFull tech treeHidden civsTurbo modeCheats
Victory
Defeat
🇲🇽 Magyars · Mexico
1707
+15
🇰🇷 Tatars · South Korea
1696
-15
Don Pepino Sonrisa
7:14 Loom
9:21 Feudal Age
7:39 Loom
9:31 Loom
10:14 Double-Bit Axe
11:39 Horse Collar
16:32 Wheelbarrow
16:31 Fletching
16:43 Padded Archer Armor
22:26 Castle Age
23:09 Bodkin Arrow
24:00 Bow Saw
23:59 Gold Mining
24:09 Crossbowman
27:03 Elite Skirmisher
28:23 Leather Archer Armor
28:16 Town Watch
33:41 Ballistics
44:05 Imperial Age
43:36 Stone Mining
44:58 Bracer
45:29 Ring Archer Armor
44:30 Heavy Cavalry Archer
45:27 Scale Barding Armor
47:30 Chemistry
47:36 Conscription
48:03 Silk Armor
48:38 Bloodlines
48:29 Husbandry
49:26 Chain Barding Armor
Carlitoh
6:31 Loom
8:59 Feudal Age
9:28 Double-Bit Axe
14:44 Fletching
21:35 Castle Age
20:13 Gold Mining
20:59 Wheelbarrow
22:35 Bow Saw
22:25 Bodkin Arrow
22:32 Husbandry
23:06 Padded Archer Armor
23:59 Ballistics
25:13 Town Watch
35:13 Imperial Age
34:04 Leather Archer Armor
34:03 Thumb Ring
35:57 Bracer
36:59 Chemistry
37:54 Parthian Tactics
39:29 Corvinian Army
39:51 Conscription
39:55 Scale Barding Armor
40:08 Elite Magyar Huszar
41:58 Wheelbarrow
42:08 Chain Barding Armor
43:45 Hand Cart
44:57 Plate Barding Armor
45:31 Ring Archer Armor
45:40 Recurve Bow
46:28 Heavy Cavalry Archer
Connection lost

Rejoining the realm…

Still unreachable

The connection could not be restored.

Session expired

The server has moved on; the page needs a fresh start.